 Dungeon Crawl Stone Soup version 0.22.1-2-g9c5b331 (webtiles) character file.

436 mrath the Digger (level 7, -1/36 HPs)
             Began as a Gargoyle Earth Elementalist on Dec 8, 2018.
             Was an Initiate of Vehumet.
             Killed from afar by an orc wizard (9 damage)
             ... with a puff of flame
             ... on level 4 of the Dungeon.
             The game lasted 00:34:06 (4669 turns).

mrath the Digger (Gargoyle Earth Elementalist)      Turns: 4669, Time: 00:34:06

Health: -1/36      AC:  6    Str: 12    XL:     7   Next: 1%
Magic:  10/15      EV: 12    Int: 17    God:    Vehumet [......]
Gold:   171        SH:  0    Dex: 10    Spells: 11/17 levels left

rFire    . . .     SeeInvis .   o - +0 whip
rCold    + . .     Gourm    .   (no shield)
rNeg     + . .     Faith    .   c - +0 robe
rPois    ∞         Spirit   .   (no helmet)
rElec    +         Reflect  .   C - scarf {repulsion}
rCorr    .         Harm     .   (no gloves)
MR       .....                  (no boots)
Stlth    ++........             y - amulet of magic regeneration
HPRegen  0.12/turn              j - ring of protection from cold
MPRegen  0.39/turn              (no ring)

@: very slightly contaminated, repel missiles
A: negative energy resistance 1, electricity resistance, unbreathing,
petrification resistance, rot immunity, AC +4
a: Renounce Religion


You were on level 4 of the Dungeon.
You worshipped Vehumet.
Vehumet was noncommittal.
You were not hungry.

You visited 2 branches of the dungeon, and saw 5 of its levels.

You collected 171 gold pieces.

Inventory:

Hand Weapons
 e - a +0 hunting sling
 o - a +0 whip (weapon)
 v - a +0 mace
Missiles
 b - 76 stones (quivered)
 f - 2 tomahawks
 i - 2 javelins
 k - 8 needles of confusion
 r - 17 poisoned needles
 x - 23 sling bullets
 B - 17 arrows
Armour
 c - a +0 robe (worn)
 m - a +0 cloak
 n - a +0 shield
 z - a +0 buckler
 C - a scarf of repulsion (worn)
Jewellery
 j - a ring of protection from cold (left hand)
 y - an amulet of magic regeneration (around neck)
Scrolls
 h - a scroll of teleportation {unknown}
 l - a scroll of enchant armour {unknown}
 t - 3 scrolls of identify
 u - a scroll of blinking {unknown}
 w - a scroll of amnesia {unknown}
Potions
 a - a potion of cancellation {unknown}
 g - 3 potions of resistance {unknown}
 p - a potion of curing {unknown}
 q - 3 potions of lignification {unknown}
 s - 3 potions of degeneration {unknown}
 A - 2 potions of heal wounds
Comestibles
 d - 5 rations
 D - 8 chunks of flesh


   Skills:
 - Level 1.5 Dodging
 - Level 2.1 Stealth
 * Level 5.5 Spellcasting
 - Level 0.7 Transmutations
 + Level 6.0 Earth Magic


You had 11 spell levels left.
You knew the following spells:

 Your Spells              Type           Power        Failure   Level  Hunger
a - Sandblast             Erth           ####..       1%          1    None
b - Stone Arrow           Conj/Erth      ###...       12%         3    ##.....
c - Sticks to Snakes      Tmut           #.......     16%         2    #......

Your spell library contained the following spells:

 Spells                   Type           Power        Failure   Level  Hunger
 Passwall                 Tmut/Erth      ###.....     4%          2    #......
 Beastly Appendage        Tmut           #.....       10%         1    None
 Lee's Rapid Deconstruct  Erth           ####......   30%         5    ######.
 Petrify                  Tmut/Erth      ###.....     32%         4    ####...
 Spider Form              Tmut/Pois      #.........   34%         3    ##.....
 Ice Form                 Ice/Tmut       #.......     75%         4    ####...
 Blade Hands              Tmut           #.........   95%         5    ######.


Dungeon Overview and Level Annotations

Branches:
Dungeon (4/15)             Temple (1/1) D:4

Altars:
Ashenzari
Cheibriados
Dithmenos
Elyvilon
Fedhas
Gozag
Hepliaklqana
Kikubaaqudgha
Makhleb
Nemelex Xobeh
Okawaru
Qazlal
Ru
Sif Muna
Trog
Uskayaw
Vehumet
Wu Jian
Xom
Yredelemnul
Zin

Annotations:
D:4 1 runed door, Lovchig's ghost, amateur DDFi


Innate Abilities, Weirdness & Mutations

You are resistant to torment.
Your stone body is resilient. (AC +4)
You are immune to poison.
You resist negative energy. (rN+)
You are resistant to electric shocks. (rElec)
You can survive without breathing.
You are immune to petrification.
You are immune to rotting.


Message History

You feel less confused. The orc hits you with a mace.
A magic dart appears from out of thin air!
The magic dart hits you!
A magic dart appears from out of thin air!
The magic dart hits you!
* * * LOW HITPOINT WARNING * * *
A magic dart appears from out of thin air!
The magic dart hits you!
* * * LOW HITPOINT WARNING * * *
A puff of flame appears from out of thin air!
The puff of flame is repelled.
The orc barely misses you.
Drop what? 30/52 slots (_ for help) (? for menu, Esc to quit)
You drop 2 potions of heal wounds.
A - 2 potions of heal wounds The orc hits you but does no damage.
A puff of flame appears from out of thin air!
The puff of flame hits you!
You die...

####. a..............###
....................+..
...................#.#
...............#..#.#
.........P.P........ #..
..........>......... #...
........P.P........ #...
#.................
+...######@..............#. #
#.........o..............+.
#.#..............##...#....## .
.........÷.................## ...
#.##...................#..... ...
#.#...................##.#### ...
#.#.........#.........##+####
...##.#.....#...................#
......#.......#..................


You could see an orc.

Vanquished Creatures
  An ogre (D:4)
  An orc wizard (D:4)
  Terence (D:3)
  A worker ant (D:4)
  A hound skeleton (D:4)
  3 gnolls (D:3)
  A river rat (D:3)
  8 adders
  3 oozes
  3 worms
  3 dart slugs
  5 leopard geckos
  An orc (D:4)
  4 giant cockroaches
  8 goblins
  10 hobgoblins
  5 jackals (D:3)
  2 quokkas
  A ball python (D:1)
  6 bats
  5 frilled lizards
  10 kobolds
  13 rats
96 creatures vanquished.

Vanquished Creatures (collateral kills)
  A scorpion (D:4)
  A centaur skeleton (D:4)
  An orc (D:4)
3 creatures vanquished.

Grand Total: 99 creatures vanquished

Notes
Turn   | Place    | Note
-------+----------+-------------------------------------------
     0 | D:1      | mrath the Gargoyle Earth Elementalist began the quest for
                  | the Orb.
     0 | D:1      | Reached XP level 1. HP: 10/10 MP: 3/3
   198 | D:1      | Reached XP level 2. HP: 10/15 MP: 1/5
   522 | D:1      | Reached skill level 4 in Earth Magic
   873 | D:1      | Reached XP level 3. HP: 15/19 MP: 7/7
  1620 | D:2      | Learned a level 3 spell: Stone Arrow
  1664 | D:2      | Reached XP level 4. HP: 21/24 MP: 6/9
  2548 | D:3      | Reached XP level 5. HP: 28/28 MP: 8/10
  2726 | D:3      | Reached skill level 5 in Earth Magic
  3004 | D:3      | Found a glowing drain.
  3519 | D:3      | Reached XP level 6. HP: 26/32 MP: 7/13
  3624 | D:3      | Noticed Terence
  3709 | D:3      | Killed Terence
  3930 | D:2      | Learned a level 2 spell: Sticks to Snakes
  4280 | D:4      | Found a staircase to the Ecumenical Temple.
  4293 | Temple   | Entered the Ecumenical Temple
  4362 | Temple   | Became a worshipper of Vehumet
  4498 | D:4      | Reached skill level 5 in Spellcasting
  4583 | D:4      | Found a runed door.
  4620 | D:4      | Noticed Lovchig's ghost (amateur DDFi)
  4643 | D:4      | Reached skill level 6 in Earth Magic
  4643 | D:4      | Reached XP level 7. HP: 34/36 MP: 8/15
  4669 | D:4      | Killed from afar by an orc wizard

Skill      XL: |  1  2  3  4  5  6 |
---------------+-------------------+-----
Earth Magic    | 4 5 6 |  6.0
Spellcasting   | 3 4 5 |  5.5
Dodging        | |  1.5
Stealth        | |  2.1
Transmutations | |  0.7

Action                   |  1- 3 |  4- 6 |  7- 9 || total
-------------------------+-------+-------+-------++-------
Melee: Club              |    67 |       |       ||    67
       Unarmed           |     1 |       |       ||     1
       Whip              |    30 |   233 |       ||   263
 Cast: Sandblast         |    15 |    51 |       ||    66
       Stone Arrow       |       |    12 |     3 ||    15
       Sticks to Snakes  |       |     4 |       ||     4
  Use: Scroll            |       |     3 |       ||     3
 Stab: Sleeping          |     3 |     4 |       ||     7
  Eat: Chunk             |     3 |    11 |       ||    14
Armor: Robe              |    31 |    99 |     1 ||   131
Dodge: Dodged            |    65 |   190 |     3 ||   258
       Deflected         |       |       |     1 ||     1
